 Dungeon Crawl Stone Soup version 0.28-a0-655-g4eb62b627b (webtiles) character file.

Game seed: 462837341277714068

21 cheechan the Magician (level 2, -1/17 HPs)
             Began as an Octopode Hedge Wizard on Oct 12, 2021.
             Was a Follower of Nemelex Xobeh.
             Frozen to death by an endoplasm (5 damage)
             ... on level 1 of the Dungeon.
             The game lasted 00:02:59 (753 turns).

cheechan the Magician (Octopode Hedge Wizard)        Turns: 753, Time: 00:03:00

Health: -1/17      AC:  1    Str:  9    XL:     2   Next: 83%
Magic:  4/6        EV: 12    Int: 16    God:    Nemelex Xobeh [*.....]
Gold:   18         SH:  3    Dex: 11    Spells: 3/8 levels left

rFire   . . .      SeeInvis .   f - +1 short sword
rCold   . . .      Faith    .   c - +0 buckler
rNeg    . . .      Spirit   .   b - +0 hat
rPois   .          Reflect  .   (no amulet)
rElec   .          Harm     .   (no ring)
rCorr   .          Rampage  .   (no ring)
Will    .....                   (no ring)
Stlth   +++.......              (no ring)
HPRegen 0.05/turn               (no ring)
MPRegen 0.10/turn               (no ring)
                                (no ring)
                                (no ring)

@: no status effects
A: almost no armour, amphibious, 8 rings, camouflage 1, gelatinous body 1,
(nimble swimmer 1), tentacles
a: Renounce Religion, Draw Escape, Draw Destruction, Draw Summoning


You were on level 1 of the Dungeon.
You worshipped Nemelex Xobeh.
Nemelex Xobeh was aware of your devotion.
You visited 1 branch of the dungeon, and saw 1 of its levels.

You collected 18 gold pieces.

Inventory:

Hand Weapons
 a - a +0 dagger
 d - a +0 whip
 f - a +1 short sword (weapon)
Missiles
 e - 34 stones
 h - 4 boomerangs (quivered)
Armour
 b - a +0 hat (worn)
 c - a +0 buckler (worn)
Scrolls
 i - a scroll of vulnerability {unknown}


   Skills:
 + Level 2.2 Dodging
 - Level 2.6 Stealth
 + Level 3.6 Spellcasting
 + Level 1.0 Conjurations
 + Level 1.0 Summonings
 + Level 1.1 Translocations


You had 3 spell levels left.
You knew the following spells:

 Your Spells              Type           Power      Damage    Failure   Level
a - Magic Dart            Conj           24%        1d4       19%         1
b - Blink                 Tloc           N/A        N/A       28%         2
c - Call Imp              Summ           6%         N/A       28%         2

Your spell library contained the following spells:

 Spells                   Type           Power      Damage    Failure   Level
 Slow                     Hex            2%         N/A       41%         2
 Conjure Flame            Conj/Fire      4%         6-21      56%         3
 Mephitic Cloud           Conj/Pois/Air  4%         N/A       58%         3


Dungeon Overview and Level Annotations

Branches:
Dungeon (1/15)

Altars:
Nemelex Xobeh

Shops:
D:1 =


Innate Abilities, Weirdness & Mutations

You cannot wear most types of armour.
You are amphibious.
You can wear up to eight rings at the same time.
Your skin changes colour to match your surroundings (Stealth+).
Your rubbery body absorbs attacks. (AC +1, EV +1)
((You are camouflaged near water. (Stealth+)))
You have tentacles for arms and can constrict up to eight enemies at once.


Message History

Casting: Magic Dart (safe; 19% risk of failure)
Confirm with . or Enter, or press ? or * to list all spells.
Aiming: Magic Dart (safe; 19% risk of failure)
Press: ? - help, Shift-Dir - straight line, f/p - bat
Aim: a bat (heavily wounded, 100% to hit)
The magic dart hits the bat.
You kill the bat!
You see here 4 boomerangs.
h - 4 boomerangs
Things that are here:
a +0 short sword; a kobold corpse
i - a scroll labelled JISHRA DAWUNI Your magical contamination has completely faded away.
As you read the scroll labelled YCIBBENEQEOTI, it crumbles to dust.
It is a scroll of enchant weapon.
Your +0 short sword glows red for a moment.
f - a +1 short sword (weapon)
Things that are here:
a +0 short sword; a kobold corpse
e - 34 stones (gained 9)
An endoplasm comes into view.
The endoplasm quivers.
You hit the endoplasm.
The endoplasm is lightly wounded.
The endoplasm closely misses you.
You hit the endoplasm.
The endoplasm is heavily wounded.
The endoplasm freezes you.
You are frozen.
* * * LOW HITPOINT WARNING * * *
The endoplasm closely misses you.
You barely miss the endoplasm.
The endoplasm is heavily wounded.
The endoplasm misses you.
You hit the endoplasm.
The endoplasm is severely wounded.
The endoplasm freezes you.
You are frozen.
You die...
Your body glows slightly and disappears.

.# #'###.########.# .#
#...#.#........#
.##########.#.#.##....##
......##....8.'.####..#
..#####._.####### #..#
#.'.8....## #.# ##>.#
#.#)#.#####
#.#####...#######
#.#.#...#.#
#.##J...........###
#.#.###'#.#
#.##@#####........#
#.#.....#.# #.##.#
#...##.#..
#.#######.###.##.#
#†.......# #.#
#........# #...#.....
#.#
####...#.#####.###..#.#
#.# #.....).......# .# #
..# #.............# .
### #......†#..##......#
###...###..........#


You could see an endoplasm.

Vanquished Creatures
  A ball python (D:1)
  3 bats (D:1)
  2 endoplasms (D:1)
  A giant cockroach (D:1)
  A goblin (D:1)
  2 jackals (D:1)
  5 kobolds (D:1)
  3 rats (D:1)
18 creatures vanquished.

Vanquished Creatures (others)
  6 fungi (D:1)
  2 plants (D:1)
8 creatures vanquished.

Grand Total: 26 creatures vanquished

Notes
Turn   | Place    | Note
-------+----------+-------------------------------------------
     0 | D:1      | cheechan the Octopode Hedge Wizard began the quest for the
                  | Orb.
     0 | D:1      | Reached XP level 1. HP: 11/11 MP: 4/4
   212 | D:1      | Reached XP level 2. HP: 17/17 MP: 0/6
   537 | D:1      | Found Hamoej's Jewellery Shoppe.
   580 | D:1      | Found a faded altar of an unknown god.
   624 | D:1      | Prayed at the altar of an unknown god.
   624 | D:1      | Became a worshipper of Nemelex Xobeh the Trickster
   624 | D:1      | Reached * piety under Nemelex Xobeh
   675 | D:1      | Learned a level 2 spell: Blink
   678 | D:1      | Learned a level 2 spell: Call Imp
   753 | D:1      | Frozen to death by an endoplasm

Illustrated notes

Levels and vault maps discovered:
D:1:      lemuel_arrival_rhombus, layout_loops_ring,
          shapermc_ecumenical_altar_ellora, serial_shops, shop

Action                   || total
-------------------------++-------
Melee: Dagger            ||    56
       Constrict         ||    15
       Tentacles         ||    11
       Short sword       ||     4
 Cast: Magic Dart        ||    18
  Use: Scroll            ||     1
 Stab: Sleeping          ||     1
Armor: Skin              ||     7
Dodge: Dodged            ||    23
Block: Buckler           ||     1

Table legend: (Time is in decaauts)
 A = Elapsed time spent in this place.
 B = Non-inter-level travel time spent in this place.
 C = Inter-level travel time spent in this place.
 D = Time resting spent in this place.
 E = Time spent auto-exploring this place.
 F = Levels seen in this place.
 G = Mean time per level.
                   A        B        C        D        E       F      G
               +--------+--------+--------+--------+--------+-----+--------+
         Total |    757 |    757 |      0 |    250 |      0 |   1 |  757.0 |
       Dungeon |    757 |    757 |      0 |    250 |      0 |   1 |  757.0 |
               +--------+--------+--------+--------+--------+-----+--------+

Top non-repeatable levels by time:
     D:1: 757 daAuts
